 Dungeon Crawl Stone Soup version 0.26-a0-1126-g3318b609a0 (webtiles) character file.

Game seed: 11116128014853356390

79 sanka the Sneak (level 4, -1/21 HPs)
             Began as a Spriggan Enchanter on Dec 17, 2020.
             Slain by Grinder (9 damage)
             ... on level 3 of the Dungeon.
             The game lasted 00:04:06 (3302 turns).

sanka the Sneak (Spriggan Enchanter)                Turns: 3302, Time: 00:04:06

Health: -1/21      AC:  2    Str:  4    XL:     4   Next: 16%
Magic:  6/9        EV: 18    Int: 16    God:
Gold:   191        SH:  0    Dex: 17    Spells: 2/8 levels left

rFire    . . .     SeeInvis +   a - +1 dagger
rCold    . . .     Faith    .   (shield restricted)
rNeg     . . .     Spirit   .   l - +0 robe
rPois    .         Reflect  .   (helmet restricted)
rElec    .         Harm     .   (no cloak)
rCorr    .         Rampage  .   (gloves unavailable)
Will     .....                  (boots unavailable)
Stlth    ++++......             (no amulet)
HPRegen  0.07/turn              (no ring)
MPRegen  0.11/turn              (no ring)

@: confusing touch, very quick
A: very small, unfitting armour, see invisible, speed 3
a: no special abilities


You were on level 3 of the Dungeon.
You visited 1 branch of the dungeon, and saw 3 of its levels.

You collected 191 gold pieces.


Innate Abilities, Weirdness & Mutations

You are very small and have problems with some larger weapons.
You are too small for most types of armour.
You have supernaturally acute eyesight. (SInv)
You cover ground extremely quickly.


   Skills:
 - Level 1.1 Short Blades
 - Level 3.0 Dodging
 + Level 7.8 Stealth
 - Level 2.6 Spellcasting
 - Level 3.6 Hexes


You had 2 spell levels left.
You knew the following spells:

 Your Spells              Type           Power        Failure   Level
z - Ensorcelled Hibernat  Hex/Ice        14%          14%         2
X - Confusing Touch       Hex            13%          13%         3
Z - Corona                Hex            14%          4%          1

Your spell library contained the following spells:

 Spells                   Type           Power        Failure   Level
 Tukima's Dance           Hex            13%          13%         3
 Dazzling Flash           Conj/Hex       14%          28%         3

Inventory:

Hand Weapons
 a - a +1 dagger (weapon)
 b - a +2 short sword of flaming
Missiles
 j - 2 poisoned darts
Armour
 l - a +0 robe (worn)
Scrolls
 d - a scroll of remove curse {unknown}
 e - a scroll of amnesia {unknown}
 f - 5 scrolls of identify {unknown}
 h - a scroll of enchant weapon {unknown}
 i - 3 scrolls of fear {unknown}
 k - a scroll of teleportation {unknown}
 m - a scroll of magic mapping {unknown}
Potions
 c - 3 potions of curing {unknown}
 g - a potion of lignification {unknown}

Dungeon Overview and Level Annotations

Branches:
Dungeon (3/15)

Altars:

Annotations:
D:3 Grinder

▒▒>▒▒ ▒............▒....▒▒.▒
▒▒▒▒▒▒▒▒▒ ▒........▒▒▒▒▒....▒▒.▒
.....†.▒▒▒▒▒▒▒▒▒▒▒▒▒▒▒▒▒....▒▒.▒▒
.....5...........................
......▒▒▒▒▒....B.....▒...▒...▒▒.▒
......▒ ▒.▒▒▒▒▒▒▒▒.▒.▒.▒...▒▒..
......▒ ▒.▒<..▒ ▒.▒.▒.+...+...
......▒ ▒.▒.▒.▒▒▒▒.▒.▒▒▒...▒▒▒.
......▒ ▒.▒...i....▒.▒ ▒...▒ .
......▒ ▒.▒.▒▒▒5▒▒▒▒.▒ ▒.... .
......▒ ▒.▒..5..▒ ..▒ ▒.... .
......▒ ▒.▒▒▒▒▒▒▒ ▒▒▒▒. ..▒


You could see Grinder.


Message History

Grinder barely misses you.
You hit Grinder but do no damage.
Grinder is lightly wounded.
Grinder blinks!
You hit Grinder but do no damage.
Grinder is lightly wounded.
Grinder misses you.
You hit Grinder.
Grinder is moderately wounded.
The spell is extremely dangerous to cast (13% risk of failure)!
Continue anyway?
Your hands begin to glow red.
Grinder gestures at you. You resist with some effort. Grinder hits you.
You writhe in agony.
You closely miss Grinder.
Grinder is moderately wounded.
Grinder hits you.
* * * LOW HITPOINT WARNING * * *
You writhe in agony.
* * * LOW HITPOINT WARNING * * *
You barely miss Grinder.
Grinder is moderately wounded.
You barely miss Grinder.
Grinder is moderately wounded.
Grinder misses you.
You hit Grinder but do no damage.
Grinder is moderately wounded.
Grinder hits you!
You die...

Action                   |  1- 3 |  4- 6 || total
-------------------------+-------+-------++-------
Melee: Dagger            |   154 |    40 ||   194
 Cast: Ensorcelled Hiber |    23 |     4 ||    27
       Confusing Touch   |       |     3 ||     3
 Stab: Sleeping          |    22 |     6 ||    28
       Confused          |       |     1 ||     1
Armor: Robe              |    21 |       ||    21
Dodge: Dodged            |   151 |    13 ||   164

Levels and vault maps discovered:
D:1:      shiori_shiawase, layout_loops_cross
D:2:      layout_loops_ring, chequers_ecumenical_altar_grove
D:3:      layout_basic, nicolae_overflow_hidden_temple, uniq_grinder

Notes
Turn   | Place    | Note
-------+----------+-------------------------------------------
     0 | D:1      | sanka the Spriggan Enchanter began the quest for the Orb.
     0 | D:1      | Reached XP level 1. HP: 9/9 MP: 5/5
   227 | D:1      | Reached skill level 5 in Stealth
   309 | D:1      | Reached XP level 2. HP: 10/13 MP: 6/6
   365 | D:1      | Learned a level 2 spell: Ensorcelled Hibernation
   922 | D:1      | Reached skill level 6 in Stealth
  1455 | D:2      | Reached XP level 3. HP: 9/16 MP: 5/8
  1928 | D:2      | Reached skill level 7 in Stealth
  2584 | D:2      | Reached XP level 4. HP: 21/21 MP: 9/9
  2733 | D:2      | Found a faded altar of an unknown god.
  3076 | D:3      | Noticed Grinder
  3114 | D:2      | Learned a level 3 spell: Confusing Touch
  3302 | D:3      | Slain by Grinder

Vanquished Creatures
  2 adders (D:2)
  A worm (D:2)
  3 dart slugs
  An orc (D:3)
  3 giant cockroaches
  13 goblins
  5 hobgoblins
  9 bats
  4 frilled lizards
  2 kobolds
  7 rats
50 creatures vanquished.
